 Dungeon Crawl Stone Soup version 0.21.1-1-g345015f (webtiles) character file.

337 inc the Changer (level 6, 22/22 HPs)
             Began as a Felid Transmuter on Mar 14, 2018.
             Quit the game on level 4 of the Dungeon.
             The game lasted 00:11:02 (5684 turns).

inc the Changer (Felid Transmuter)                  Turns: 5684, Time: 00:11:03

Health: 22/22      AC:  2    Str:  8    XL:     6   Next: 28%
Magic:  10/10      EV: 21    Int: 16    God:
Gold:   238        SH:  0    Dex: 17    Spells: 3/9 levels left
                                        Lives:  0   Deaths: 1

rFire    . . .     SeeInvis +     - Unarmed
rCold    . . .     Gourm    .   (shield unavailable)
rNeg     . . .     Faith    .   (armour unavailable)
rPois    .         Spirit   .   (helmet unavailable)
rElec    .         Reflect  .   (cloak unavailable)
rCorr    .         Harm     .   (gloves unavailable)
MR       +....     Rnd*Rage +   (boots unavailable)
Stlth    ++........             (no amulet)
HPRegen  0.07/turn              t - ring of protection from magic
MPRegen  0.12/turn              (no ring)

@: quick
A: very small, no armour, no weapons or thrown items, stealth, claws 1, fangs 3,
see invisible, berserk 1, carnivore, speed 1, frail 1, shaggy fur 2, slow
metabolism 1, strong 1, subdued magic 1, sharp paws
a: no special abilities


You were on level 4 of the Dungeon.
You were not hungry.

You visited 1 branch of the dungeon, and saw 6 of its levels.
You also visited: Sewer.

You collected 238 gold pieces.

Inventory:

Missiles
 a - 101 arrows
Jewellery
 n - an uncursed amulet of the gourmand
 t - a ring of protection from magic (left paw)
Scrolls
 d - a scroll of fog {unknown}
 f - 3 scrolls of teleportation {unknown}
 g - a scroll of enchant weapon {unknown}
 k - 3 scrolls of amnesia {unknown}
 l - a scroll of remove curse {unknown}
 q - a scroll of noise {unknown}
Potions
 e - 2 potions of magic
 h - a potion of agility
 i - a potion of curing
 j - a potion of might
 m - 2 potions of degeneration
 p - a potion of lignification {unknown}
 r - 3 potions of flight {unknown}
 s - a potion of heal wounds
Books
 b - a book of Changes

   Spells                             Type                      Level
   a - Beastly Appendage              Transmutation                1
   b - Sticks to Snakes               Transmutation                2
   c - Spider Form                    Transmutation/Poison         3
   d - Ice Form                       Ice/Transmutation            4
   e - Blade Hands                    Transmutation                5
Comestibles
 c - 8 rations


   Skills:
 - Level 1.0 Fighting
 - Level 5.5 Dodging
 - Level 3.0 Unarmed Combat
 - Level 2.0 Spellcasting
 + Level 7.4 Transmutations


You had 3 spell levels left.
You knew the following spells:

 Your Spells              Type           Power        Failure   Level  Hunger
a - Beastly Appendage     Tmut           ###...       1%          1    #......
b - Sticks to Snakes      Tmut           ###.....     1%          2    ###....
c - Spider Form           Tmut/Pois      ##........   12%         3    ###....


Dungeon Overview and Level Annotations

Branches:
Dungeon (6/15)
 Temple: D:4-7

Altars:
Gozag
Kikubaaqudgha
Uskayaw

Annotations:
D:3 jazmu's ghost, amateur DsSk
D:4 Menkaure


Innate Abilities, Weirdness & Mutations

You cannot wear armour.
You are incapable of wielding weapons or throwing items.
Your paws allow you to move quietly. (Stealth)
You have sharp claws.
You have razor-sharp teeth.
You have supernaturally acute eyesight. (SInv)
You are carnivorous and can eat meat at any time.
You cover ground quickly.
You are covered in thick fur. (AC +2)
You have a slow metabolism.
Your sharp claws are effective at attacking unaware monsters.
You tend to lose your temper in combat.
You are frail. (-10% HP)
Your muscles are strong. (Str +2)
Your spells are a little easier to cast, but a little less powerful.


Message History

You scratch the hound skeleton. You headbutt the hound skeleton!
The hound skeleton is almost destroyed.
The hound skeleton completely misses you.
You scratch the hound skeleton.
You destroy the hound skeleton!
You start resting.
Magic restored.
You start resting.
Your transformation is almost over.
You start resting.
Your horns disappear.
You start resting.
A gnoll is nearby!
You start resting.
HP restored.
It was a potion of mutation.
You feel extremely strange.
You feel a little pissed off.
You feel frail.
Your connection to magic feels subdued.
You feel stronger.
Okay, then.
Are you sure you want to abandon this character and quit the game? (Confirm with "yes".)

#. .......Z...#
###..........)g..#
..... #...##.<..#
....##...##....# .
#..............# ..
##.....)).......#
..#....##...##....#
...'....###'###....#
#.. #...@..........#
#..##..............#
............###....#
........##.##_# ...
#####...####.####..
##..##.....#.#.#.#..#
....'......#.##..#..#
....#......##.####..#
##. ##.....###.###..#


There were no monsters in sight!

Vanquished Creatures
  Edmund (D:4)
  A big kobold (Sewer)
  An iguana (D:6)
  Natasha (thrice) (D:3)
  A hound skeleton (D:4)
  2 gnolls
  5 adders
  A river rat (Sewer)
  A worm (D:3)
  6 dart slugs
  4 leopard geckos
  7 orcs
  5 giant cockroaches
  8 goblins
  6 hobgoblins
  6 jackals
  A quokka (D:4)
  4 bats
  A frilled lizard (D:2)
  A giant cockroach zombie (D:5)
  12 kobolds
  6 rats
83 creatures vanquished.

Vanquished Creatures (collateral kills)
  A centaur skeleton (D:4)
  A worker ant (D:5)
  An adder (D:4)
  A gnoll (D:3)
  2 worms
6 creatures vanquished.

Grand Total: 89 creatures vanquished

Notes
Turn   | Place    | Note
-------+----------+-------------------------------------------
     0 | D:1      | inc the Felid Transmuter began the quest for the Orb.
     0 | D:1      | Reached XP level 1. HP: 9/9 MP: 4/4
   150 | D:1      | Reached XP level 2. HP: 4/12 MP: 4/6
   158 | D:1      | Learned a level 2 spell: Sticks to Snakes
   853 | D:1      | Reached XP level 3. HP: 4/15 MP: 7/7
  1759 | D:2      | Reached skill level 5 in Dodging
  2262 | D:2      | Found an opulent altar of Gozag.
  2393 | D:3      | Reached XP level 4. HP: 19/19 MP: 6/8
  2420 | D:3      | Found an ancient bone altar of Kikubaaqudgha.
  2446 | D:3      | Noticed Natasha
  2464 | D:3      | Killed Natasha
  2464 | D:3      | Reached skill level 3 in Transmutations
  2600 | D:3      | Noticed Natasha
  2602 | D:3      | Noticed jazmu's ghost (amateur DsSk)
  3173 | D:3      | Learned a level 3 spell: Spider Form
  3571 | D:3      | Killed Natasha
  3571 | D:3      | Reached skill level 4 in Transmutations
  3571 | D:3      | Reached XP level 5. HP: 17/22 MP: 5/9
  3653 | D:3      | Noticed Natasha
  3698 | D:3      | HP: 1/22 [Natasha/magic dart (5)]
  3699 | D:3      | Killed Natasha
  3920 | D:4      | Noticed an ogre
  3947 | D:5      | Entered Level 5 of the Dungeon
  4006 | D:6      | Reached skill level 5 in Transmutations
  4151 | D:6      | Found a glowing drain.
  4161 | Sewer    | Entered a sewer
  4254 | Sewer    | Gained mutation: You are covered in thick fur. (AC +2) [Felid growth]
  4254 | Sewer    | Reached XP level 6. HP: 5/25 MP: 2/10
  4517 | Sewer    | Found a white marble altar of Elyvilon.
  4661 | D:5      | Reached skill level 6 in Transmutations
  4901 | D:4      | Noticed Menkaure
  4930 | D:4      | Noticed Edmund
  5327 | D:4      | Found a hide-covered altar of Uskayaw.
  5386 | D:4      | Slain by Edmund
  5387 | D:4      | Reached XP level 5. HP: -2/22 MP: 7/9
  5388 | D:4      | Killed Edmund
  5388 | D:4      | Reached skill level 7 in Transmutations
  5388 | D:4      | Reached XP level 6. HP: 25/25 MP: 10/10
  5683 | D:4      | Gained mutation: You tend to lose your temper in combat. [potion of mutation]
  5683 | D:4      | Gained mutation: You are frail. (-10% HP) [potion of mutation]
  5683 | D:4      | Gained mutation: Your spells are a little easier to cast, but a little less powerful. [potion of mutation]
  5683 | D:4      | Gained mutation: Your muscles are strong. (Str +2) [potion of mutation]
  5684 | D:4      | Quit the game

Skill      XL: |  1  2  3  4  5  6 |
---------------+-------------------+-----
Dodging        | 3 4 5 |  5.5
Transmutations | 4 7 6 |  7.4
Fighting       | |  1.0
Unarmed Combat | |  3.0
Spellcasting   | |  2.0

Action                   |  1- 3 |  4- 6 || total
-------------------------+-------+-------++-------
Melee: Unarmed           |   118 |   171 ||   289
       Bite              |     5 |     7 ||    12
       Headbutt          |     6 |    10 ||    16
       Punch             |       |     3 ||     3
 Cast: Beastly Appendage |    13 |     8 ||    21
       Sticks to Snakes  |     2 |    11 ||    13
       Spider Form       |       |    15 ||    15
 Abil: End Transformatio |       |     1 ||     1
  Use: Scroll            |     3 |     1 ||     4
       Potion            |       |     3 ||     3
 Stab: Sleeping          |     5 |     5 ||    10
       Distracted        |     1 |     1 ||     2
  Eat: Chunk             |     3 |     9 ||    12
Armor: Skin              |     1 |     6 ||     7
Dodge: Dodged            |    95 |   166 ||   261
